 Dungeon Crawl Stone Soup version 0.21.1-1-g345015f (webtiles) character file.

14819 Devour the Prestidigitator (level 11, -44/95 HPs)
             Began as a Red Draconian Artificer on Feb 9, 2018.
             Was a Priest of Nemelex Xobeh.
             Annihilated by a very large slime creature (49 damage)
             ... on level 13 of the Dungeon on Feb 10, 2018.
             The game lasted 00:51:10 (11521 turns).

Devour the Prestidigitator (DrAr)                  Turns: 11521, Time: 00:51:14

Health: -44/95     AC: 14    Str: 15    XL:     11   Next: 93%
Magic:  19/19      EV: 17    Int: 11    God:    Nemelex Xobeh [***...]
Gold:   901        SH:  0    Dex: 15    Spells: 10/10 levels left

rFire    + + .     SeeInvis +   t - +10 dagger of Callousness {venom, rPois rC+ Stlth+}
rCold    . . .     Gourm    .   (no shield)
rNeg     . . .     Faith    .   (armour unavailable)
rPois    +         Spirit   .   J - +2 hat
rElec    .         Reflect  .   u - +2 cloak
rCorr    .         Harm     .   D - +1 pair of gloves
MR       +....                  (no boots)
Stlth    +++++.....             (no amulet)
HPRegen  0.25/turn              I - ring of fire
MPRegen  0.16/turn              w - ring of see invisible

@: short of breath
A: breathe fire, unfitting armour, hooves 1, fire resistance 1, magic resistance
1, cold-blooded, subdued magic 1, AC +7
a: Breathe Fire, Triple Draw, Renounce Religion


You were on level 13 of the Dungeon.
You worshipped Nemelex Xobeh.
Nemelex Xobeh was most pleased with you.
You were not hungry.

You visited 1 branch of the dungeon, and saw 12 of its levels.

You collected 901 gold pieces.

Inventory:

Hand Weapons
 t - the +10 dagger of Callousness (weapon) {venom, rPois rC+ Stlth+}
   (You found it on level 4 of the Dungeon)

   It poisons the flesh of those it strikes.
   It protects you from cold.
   It protects you from poison.
   It makes you more stealthy.
Armour
 u - a +2 cloak (worn)
 D - a +1 pair of gloves (worn)
 J - a +2 hat (worn)
Jewellery
 w - a ring of see invisible (right hand)
 I - a ring of fire (left hand)
Wands
 c - a wand of enslavement (2)
 d - a wand of random effects (8)
 j - a wand of iceblast (3)
 y - a wand of flame (47)
 C - a wand of paralysis (10)
 K - a wand of digging (9)
Scrolls
 a - 5 scrolls of teleportation
 g - a scroll of amnesia
 h - 2 scrolls of fog
 m - 3 scrolls of magic mapping {unknown}
 o - a scroll of enchant weapon {unknown}
 B - 3 scrolls of remove curse
 G - a scroll of immolation {unknown}
 H - 2 scrolls of blinking {unknown}
Potions
 b - 3 potions of haste
 e - 3 potions of brilliance
 i - 2 potions of ambrosia
 k - 3 potions of curing
 p - a potion of cancellation {unknown}
 q - a potion of might {unknown}
 r - a potion of agility
 s - a potion of berserk rage {unknown}
 x - a potion of flight
 z - 4 potions of lignification
 A - 2 potions of mutation
Miscellaneous
 L - a plain deck of summoning {drawn: 1}
Comestibles
 f - 26 rations


   Skills:
 + Level 8.8 Fighting
 + Level 8.0 Short Blades
   Level 0.0(4.9) Long Blades
 + Level 7.5 Dodging
 + Level 7.9 Stealth
 * Level 4.5 Invocations
 - Level 11.0 Evocations


You had 10 spell levels left.
You didn't know any spells.

Dungeon Overview and Level Annotations

Branches:
Dungeon (11/15)            Temple (0/1) D:7            Lair (0/6) D:11
    Orc: D:9-12

Altars:
Fedhas
Gozag
Nemelex Xobeh
Okawaru
Qazlal
Ru
Sif Muna
Trog
Beogh

Shops:
D:7 *


Innate Abilities, Weirdness & Mutations

You can breathe blasts of fire.
Your fiery red scales are hard. (AC +7)
You cannot fit into any form of body armour.
Your flesh is heat resistant. (rF+)
You are cold-blooded and may be slowed by cold attacks.
You have large cloven feet.
You are resistant to hostile enchantments. (MR+)
Your spells are a little easier to cast, but a little less powerful.


Message History

Ouch! That really hurt!
* * * LOW HITPOINT WARNING * * *
You puncture the very large slime creature!
The very large slime creature looks as sick as possible!
You kick the very large slime creature.
The very large slime creature is almost dead.
You hit the very large slime creature.
The very large slime creature is almost dead.
The very large slime creature is engulfed in blazing flames.
The very large slime creature hits you.
* * * LOW HITPOINT WARNING * * *
Unknown command.
You puncture the very large slime creature!
The very large slime creature looks as sick as possible!
The very large slime creature is almost dead.
The very large slime creature is engulfed in blazing flames.
The very large slime creature hits you!!!
Ouch! That really hurt!
You die...
Your body disappears without a glow.

........# #.#
######### #.## #..##
##..# ##+#### ##.#
....... #.# .......
########.# .......
###........#
$......##@.#######.##
..)...hHJ### #..#
.......### ##.#
....... #.# .......
#.## ....... #..#
'###### ##.# #.#
######+###


You could see a very large slime creature, a manticore and a black bear.

Vanquished Creatures
  A hydra (D:11)
  A two-headed ogre (D:9)
  2 death yaks (D:11)
  The ghost of reptisaurus the Cleaver, a novice NaGl of Zin (D:9)
  A mana viper (D:8)
  2 slime creatures (D:13)
  The ghost of bloomv the Covert, a novice OpAs of Dithmenos (D:6)
  A manticore (D:11)
  Psyche (D:10)
  The ghost of Jod the Destroyer, a novice DECj of Sif Muna (D:7)
  A gargoyle (D:11)
  3 trolls
  Prince Ribbit (D:5)
  2 hippogriffs
  4 ogres
  The ghost of Alphaeus the Chopper, an amateur HOMo (D:4)
  Grum (D:9)
  A hungry ghost (D:11)
  2 acid dragons
  A black bear (D:7)
  4 ice beasts
  A necrophage (D:9)
  2 orc warriors
  The ghost of pentaflop the Skirmisher, an amateur DsAK of Lugonu (D:3)
  2 phantoms
  2 wolves (D:9)
  4 centaurs
  2 big kobolds
  3 bullfrogs
  5 scorpions
  8 killer bees (D:10)
  12 wights
  A howler monkey (D:5)
  A bullfrog zombie (D:5)
  7 crimson imps
  2 centaur zombies
  A quasit (D:10)
  4 hounds
  4 bullfrog skeletons
  8 jellies
  2 centaur skeletons
  3 orc priests
  4 iguanas
  3 orc wizards
  Ijyb (D:5)
  6 worker ants
  A killer bee zombie (D:10)
  2 hound zombies
  A hound skeleton (D:7)
  A worker ant zombie (D:5)
  3 gnolls (D:6)
  6 adders
  4 shadow imps
  6 oozes
  2 adder skeletons (D:6)
  An adder zombie (D:5)
  5 worms
  A dart slug (D:2)
  3 leopard geckos
  39 orcs
  A ball python (D:1)
  7 giant cockroaches
  7 goblins
  8 hobgoblins
  10 jackals
  7 quokkas
  5 bats
  2 frilled lizards (D:3)
  28 kobolds
  10 rats
  2 plants (D:4)
284 creatures vanquished.

Vanquished Creatures (collateral kills)
  A death yak (D:11)
  3 two-headed ogres
  The ghost of Alphaeus the Cleaver, a novice HOMo (D:5)
  A porcupine (D:11)
  Blork the orc (D:5)
  6 wights
  2 howler monkeys (D:11)
  A centaur skeleton (D:8)
  A howler monkey skeleton (D:9)
  A worm (D:3)
  4 orcs
  A giant cockroach (D:3)
  A goblin (D:3)
  A quokka (D:11)
  2 kobolds
  A rat (D:3)
28 creatures vanquished.

Vanquished Creatures (others)
  A big kobold (D:4)
  A wight (D:6)
  A hound (D:11)
  An orc priest (D:10)
  4 orcs (D:10)
  A plant (D:4)
9 creatures vanquished.

Grand Total: 321 creatures vanquished

Notes
Turn   | Place    | Note
-------+----------+-------------------------------------------
     0 | D:1      | Devour the Draconian Artificer began the quest for the Orb.
     0 | D:1      | Reached XP level 1. HP: 16/16 MP: 3/3
   187 | D:1      | Reached XP level 2. HP: 23/23 MP: 4/4
   395 | D:1      | Reached skill level 1 in Stealth
   807 | D:1      | Reached XP level 3. HP: 19/28 MP: 5/5
   892 | D:1      | Reached skill level 4 in Evocations
  2076 | D:3      | Reached XP level 4. HP: 36/36 MP: 7/7
  2120 | D:3      | Noticed pentaflop's ghost (amateur DsAK)
  2372 | D:3      | Killed pentaflop's ghost
  2372 | D:3      | Reached XP level 5. HP: 22/41 MP: 8/8
  2973 | D:4      | Found an iron altar of Okawaru.
  2979 | D:4      | Noticed Alphaeus's ghost (amateur HOMo)
  3068 | D:4      | Killed Alphaeus's ghost
  3068 | D:4      | Reached skill level 5 in Evocations
  3068 | D:4      | Reached XP level 6. HP: 11/50 MP: 9/9
  3885 | D:4      | Got a crystal dagger
  3886 | D:4      | Identified the +10 dagger of Callousness {venom, rPois rC+ Stlth+} (You found it on level 4 of the Dungeon)
  4345 | D:5      | Entered Level 5 of the Dungeon
  4348 | D:5      | Your scales start taking on a fiery red colour.
  4348 | D:5      | Reached XP level 7. HP: 57/57 MP: 11/11
  4348 | D:5      | Gained mutation: Your flesh is heat resistant. (rF+) [Red Draconian growth]
  4474 | D:5      | Found a stormy altar of Qazlal.
  4628 | D:5      | Noticed Alphaeus's ghost (novice HOMo)
  4670 | D:5      | Killed Alphaeus's ghost
  4670 | D:5      | Reached skill level 6 in Evocations
  4677 | D:5      | Reached XP level 8. HP: 46/66 MP: 12/12
  4704 | D:5      | Found a sparkling altar of Nemelex Xobeh.
  4715 | D:5      | Became a worshipper of Nemelex Xobeh the Trickster
  5096 | D:5      | Received a gift from Nemelex Xobeh
  5096 | D:5      | Noticed Blork the orc
  5105 | D:5      | Killed Blork the orc
  5112 | D:5      | Found a deep blue altar of Sif Muna.
  5256 | D:5      | Noticed Ijyb
  5267 | D:5      | Killed Ijyb
  5287 | D:5      | Reached skill level 7 in Evocations
  5332 | D:5      | Noticed Prince Ribbit
  5338 | D:5      | Killed Prince Ribbit
  5996 | D:6      | Reached skill level 5 in Fighting
  6021 | D:6      | Found a sacrificial altar of Ru.
  6061 | D:6      | Reached XP level 9. HP: 67/74 MP: 14/14
  6325 | D:6      | Reached * piety under Nemelex Xobeh
  6326 | D:6      | Noticed bloomv's ghost (novice OpAs)
  6344 | D:6      | Killed bloomv's ghost
  6344 | D:6      | Reached skill level 5 in Short Blades
  6344 | D:6      | Reached skill level 8 in Evocations
  6615 | D:7      | Reached skill level 5 in Stealth
  6704 | D:7      | Reached skill level 5 in Dodging
  6809 | D:7      | Found Cuoch's General Store.
  6827 | D:7      | Noticed Jod's ghost (novice DECj)
  6841 | D:7      | Killed Jod's ghost
  7131 | D:7      | Found a staircase to the Ecumenical Temple.
  7146 | D:7      | Received a gift from Nemelex Xobeh
  7159 | D:7      | Found an opulent altar of Gozag.
  7178 | D:7      | Reached skill level 9 in Evocations
  7186 | D:7      | Found a blossoming altar of Fedhas.
  7288 | D:7      | Gained mutation: You have large cloven feet. [potion of mutation]
  7288 | D:7      | Gained mutation: Your spells are a little easier to cast, but a little less powerful. [potion of mutation]
  7288 | D:7      | Gained mutation: You are resistant to hostile enchantments. (MR+) [potion of mutation]
  7755 | D:8      | Reached ** piety under Nemelex Xobeh
  7803 | D:8      | Reached XP level 10. HP: 74/83 MP: 16/16
  7907 | D:8      | Noticed a two-headed ogre
  7932 | D:8      | Noticed a mana viper
  7932 | D:8      | a two-headed ogre changed into a mana viper
  7938 | D:8      | Killed a mana viper
  8477 | D:9      | Noticed a two-headed ogre
  8483 | D:9      | Killed a two-headed ogre
  8666 | D:9      | Noticed Grum
  8668 | D:9      | Reached skill level 10 in Evocations
  8686 | D:9      | Killed Grum
  9052 | D:9      | Found a roughly hewn altar of Beogh.
  9099 | D:9      | Noticed reptisaurus's ghost (novice NaGl)
  9131 | D:9      | Killed reptisaurus's ghost
  9407 | D:9      | Noticed a moth of wrath
  9424 | D:9      | Found a bloodstained altar of Trog.
  9601 | D:10     | Entered Level 10 of the Dungeon
  9601 | D:10     | Noticed Psyche
  9603 | D:10     | Killed Psyche
  9623 | D:10     | Reached XP level 11. HP: 79/92 MP: 18/18
  9692 | D:10     | Received a gift from Nemelex Xobeh
  9812 | D:10     | Reached *** piety under Nemelex Xobeh
  9903 | D:10     | Noticed a two-headed ogre
 10284 | D:10     | Killed a two-headed ogre
 10438 | D:11     | Noticed an eight-headed hydra
 10445 | D:11     | Killed an eight-headed hydra
 10445 | D:11     | Reached skill level 11 in Evocations
 10507 | D:11     | Received a gift from Nemelex Xobeh
 10762 | D:11     | Reached skill level 1 in Invocations
 10811 | D:11     | Noticed a death yak
 10821 | D:11     | Noticed a death yak
 10826 | D:11     | Noticed a death yak
 10827 | D:11     | Noticed a two-headed ogre
 10835 | D:11     | Killed a death yak
 10842 | D:11     | Killed a death yak
 10845 | D:11     | Killed a death yak
 10848 | D:11     | Killed a two-headed ogre
 10855 | D:11     | Found a staircase to the Lair.
 11219 | D:11     | Noticed a two-headed ogre
 11245 | D:11     | Killed a two-headed ogre
 11332 | D:11     | You fall through a shaft for 2 floors!
 11332 | D:13     | Noticed a cyan ugly thing
 11415 | D:13     | Noticed a red ugly thing
 11521 | D:13     | Annihilated by a very large slime creature

Skill      XL: |  1  2  3  4  5  6  7  8  9 10 11 |
---------------+----------------------------------+-----
Stealth        | 1 2 3 4 5 6 7 |  7.9
Evocations     | 4 5 6 7 9 10 11 | 11.0
Dodging        | 2 3 4 5 6 7 |  7.5
Fighting       | 2 3 5 6 7 8 |  8.8
Short Blades   | 2 3 4 5 6 8 |  8.0
Invocations    | 4 |  4.5

Action                   |  1- 3 |  4- 6 |  7- 9 | 10-12 || total
-------------------------+-------+-------+-------+-------++-------
Melee: Short sword       |   135 |    76 |       |       ||   211
       Tailslap          |    16 |    10 |    47 |    47 ||   120
       Long sword        |     8 |       |       |       ||     8
       Dagger            |       |     6 |   282 |   332 ||   620
       Kick              |       |       |    10 |    90 ||   100
 Abil: Breathe Fire      |       |       |     2 |     7 ||     9
Evoke: Wand              |     5 |    28 |    10 |    46 ||    89
       Deck              |       |       |     4 |    17 ||    21
  Use: Scroll            |     3 |       |     3 |     4 ||    10
       Potion            |     1 |     2 |     3 |     3 ||     9
 Stab: Sleeping          |     4 |     3 |    10 |    12 ||    29
       Paralysed         |       |     3 |       |     1 ||     4
       Distracted        |       |       |     1 |     3 ||     4
       Betrayed ally     |       |       |     1 |       ||     1
       Invisible         |       |       |       |     1 ||     1
  Eat: Chunk             |     4 |     4 |     7 |    13 ||    28
       Ration            |       |     1 |     1 |       ||     2
Armor: Skin              |    48 |    24 |    72 |    69 ||   213
Dodge: Dodged            |   100 |    58 |   129 |   224 ||   511
       Rpst.: Long sword |     2 |       |       |       ||     2
